 Dungeon Crawl Stone Soup version 0.31-a0-210-gccc998df9b (webtiles) character file.

Game seed: 10449823836432002273

126 drugrobin the Poker (level 4, -2/37 HPs)
             Began as a Demigod Delver on July 1, 2023.
             Frozen to death by an endoplasm (5 damage)
             ... on level 2 of the Dungeon.
             The game lasted 00:08:14 (2252 turns).

drugrobin the Poker (Demigod Delver)                Turns: 2252, Time: 00:08:15

Health: -2/37      AC:  0    Str: 17    XL:     4   Next: 54%
Magic:  6/6        EV:  7    Int: 12    God:
Gold:   125        SH:  3    Dex: 15    Spells: 3/3 levels left

rFire   . . .        a - +0 trident
rCold   . . .        r - +0 buckler
rNeg    . . .        m - +0 chain mail
rPois   .            (no helmet)
rElec   .            (no cloak)
rCorr   .            (no gloves)
SInv    .            (no boots)
Will    .....        (no amulet) Stlth
                     (no ring)
HPRegen 0.26/turn    (no ring)
MPRegen 0.10/turn

%: no passive effects
@: corroded
A: high MP 1, forlorn, divine attributes
a: no special abilities


You were on level 2 of the Dungeon.
You visited 1 branch of the dungeon, and saw 5 of its levels.

You collected 125 gold pieces.

Inventory:

Hand Weapons
 a - a +0 trident (weapon)
 b - a +1 sling of freezing
 p - a +0 spear
Missiles
 f - 4 poisoned darts
 h - 6 boomerangs (quivered)
 j - 4 atropa-tipped darts
Armour
 m - a +0 chain mail (worn)
 n - a +0 leather armour
 r - a +0 buckler (worn)
Magical Staves
 s - a staff of air
Wands
 g - a wand of digging (3)
 i - a wand of flame (14)
Scrolls
 c - a scroll of fog
 d - a scroll of revelation
 e - a scroll of fear
 k - 4 scrolls of identify {unknown}
 t - a scroll of poison {unknown}
 u - a scroll of teleportation {unknown}
 v - a scroll of enchant weapon {unknown}
Potions
 l - 2 potions of might {unknown}
 o - 2 potions of degeneration {unknown}
 q - a potion of haste


   Skills:
 - Level 2.6 Fighting
 + Level 4.6 Polearms
 - Level 1.7 Dodging
 - Level 4.5 Stealth


You had 3 spell levels left.
You didn't know any spells.
Your spell library contained the following spells:

 Spells                   Type           Power      Damage    Failure   Level
 Lesser Beckoning         Tloc           0%         N/A       100%        2
 Gell's Gravitas          Tloc           0%         N/A       100%        3
 Teleport Other           Tloc           0%         N/A       100%        3


Dungeon Overview and Level Annotations

Branches:
Dungeon (5/15)
 Temple: D:4-7

Shops:
D:1 =

Annotations:
D:4 exclusion: iguana
D:5 exclusion: phantom


Innate Abilities, Weirdness & Mutations

You have an increased reservoir of magic. (+10% MP)
You shall have no god before yourself.
Your divine heritage dramatically boosts your attributes as you level up.


Message History

Aim: a jelly (severely wounded, 100% to hit)
The puff of flame hits the jelly!
You kill the jelly!
Your Polearms skill increases to level 4!
You have reached level 4!
Unknown command.
Aiming: Throw Flame
Press: ? - help, Shift-Dir - straight line, f - jelly
Aim: a jelly (100% to hit)
The puff of flame hits the jelly!
The jelly is heavily wounded.
The endoplasm quivers.
The jelly closely misses you.
Unknown command.
Aiming: Throw Flame
Press: ? - help, Shift-Dir - straight line, f/p - jelly
Aim: a jelly (heavily wounded, 100% to hit)
The puff of flame hits the jelly.
The jelly is severely wounded.
The jelly hits you.
* * * LOW HITPOINT WARNING * * *
You are splashed with acid!
* * * LOW HITPOINT WARNING * * *
Unknown command.
Unknown command.
Unknown command.
Aiming: Throw Flame
Press: ? - help, Shift-Dir - straight line, f/p - jelly
Aim: a jelly (severely wounded, 100% to hit)
The puff of flame hits the jelly.
You kill the jelly!
Unknown command.
Aiming: Throw Flame
Press: ? - help, Shift-Dir - straight line, f - endoplasm
Aim: an endoplasm (lightly wounded, 97% to hit)
The puff of flame hits the endoplasm.
The endoplasm is almost dead.
The endoplasm freezes you.
You are frozen.
You die... ########## # =P.P.PJP.# # .P.P.P.P.# # JPJP.....# # .P÷..PJP÷# ######## .J.P.P.P.# ........
JP.JJJ..J#

........
#######'#
........
##...@JJ##
........
#.########
[.......
##..'....#
........
####....#
........
#.......#
########
#.......#
#......#
#.......#
#......'
#.......#
#......#
##.....##
#......#


You could see 2 endoplasms.

Vanquished Creatures
  2 jellies (D:2)
  An adder (D:2)
  A dart slug (D:1)
  An orc (D:4)
  7 endoplasms
  4 giant cockroaches
  3 goblins (D:1)
  3 hobgoblins
  4 jackals (D:1)
  9 kobolds
  2 quokkas
  4 ball pythons
  3 bats
  3 frilled lizards (D:1)
  4 rats
51 creatures vanquished.

Notes
Turn   | Place    | Note
-------+----------+-------------------------------------------
     0 | D:5      | drugrobin the Demigod Delver began the quest for the Orb.
     0 | D:5      | Reached XP level 1. HP: 18/18 MP: 3/3
     8 | D:5      | Noticed a phantom
    87 | D:5      | Noticed an ogre
   227 | D:4      | Noticed an ogre
   240 | D:4      | Noticed an iguana
   844 | D:2      | Reached XP level 2. HP: 25/25 MP: 4/4
  1204 | D:1      | Reached XP level 3. HP: 30/30 MP: 5/5
  1405 | D:1      | Found Lokkate's Jewellery Emporium.
  2249 | D:2      | Reached XP level 4. HP: 10/37 MP: 6/6
  2252 | D:2      | Frozen to death by an endoplasm

Illustrated notes

Levels and vault maps discovered:
D:1:      ncdulo_halloftheorcs, layout_loops_ring, serial_shops, shop
D:2:      cheibrodos_fertilizer, layout_basic, st_stairs_14
D:3:      layout_basic, mainiacjoe_overflow_catwalk_spiral
D:4:      layout_basic, nzn_wu_jian_council_hall
D:5:      layout_basic

Skill      XL: |  1  2  3 |
---------------+----------+-----
Polearms       | 2 3 4 |  4.6
Fighting       | |  2.6
Dodging        | |  1.7
Stealth        | |  4.5

Action                     |  1- 3 |  4- 6 || total
---------------------------+-------+-------++-------
  Melee: Spear             |    61 |       ||    61
         Trident           |    50 |       ||    50
         Punch             |     1 |       ||     1
   Fire: Sling             |    35 |       ||    35
  Throw: Boomerang         |     6 |       ||     6
         Dart              |     4 |       ||     4
  Evoke: Wand              |     1 |     4 ||     5
    Use: Potion            |     1 |       ||     1
   Stab: Sleeping          |     1 |       ||     1
 Armour: Leather armour    |    12 |       ||    12
         Chain mail        |    22 |       ||    22
  Dodge: Dodged            |    44 |     1 ||    45
  Block: Buckler           |     3 |       ||     3

Table legend: (Time is in decaauts)
 A = Elapsed time spent in this place.
 B = Non-inter-level travel time spent in this place.
 C = Inter-level travel time spent in this place.
 D = Time resting spent in this place.
 E = Time spent auto-exploring this place.
 F = Levels seen in this place.
 G = Mean time per level.
                   A        B        C        D        E       F      G
               +--------+--------+--------+--------+--------+-----+--------+
         Total |   2253 |   2128 |    125 |    104 |    956 |   5 |  450.6 |
       Dungeon |   2253 |   2128 |    125 |    104 |    956 |   5 |  450.6 |
               +--------+--------+--------+--------+--------+-----+--------+

Top non-repeatable levels by time:
     D:1: 900 daAuts
     D:4: 572 daAuts
     D:2: 529 daAuts
     D:5: 204 daAuts
     D:3: 47 daAuts
